 Dungeon Crawl Stone Soup version 0.29-a0-620-g13ace881f2 (webtiles) character file.

Game seed: 15142826806780214184

39 dolemite99 the Cutter (level 3, 0/29 HPs)
             Began as a Demonspawn Chaos Knight on June 19, 2022.
             Was a Plaything of Xom.
             Succumbed to a cane toad's poison
             ... on level 2 of the Dungeon.
             The game lasted 00:01:16 (1863 turns).

dolemite99 the Cutter (Demonspawn Chaos Knight)     Turns: 1863, Time: 00:01:17

Health: 0/29       AC:  5    Str: 14    XL:     3   Next: 26%
Magic:  3/3        EV: 10    Int: 15    God:    Xom [..*...]
Gold:   61         SH:  0    Dex: 12    Spells: 2/2 levels left

rFire   . . .      SeeInvis .   a - +0 short sword (chaos)
rCold   . . .      Faith    .   (no shield)
rNeg    . . .      Spirit   .   d - +0 ring mail
rPois   .          Reflect  .   (no helmet)
rElec   .          Harm     .   (no cloak)
rCorr   .          Rampage  .   (no gloves)
Will    .....                   (no boots)
Stlth   +.........              (no amulet)
HPRegen 0.09/turn               (no ring)
MPRegen 0.08/turn               (no ring)

@: lethally poisoned (0 -> -23)
A: claws 1, big brain 1
a: Renounce Religion


You were on level 2 of the Dungeon.
You worshipped Xom.
You were a toy of Xom.
You visited 1 branch of the dungeon, and saw 2 of its levels.

You collected 61 gold pieces.

Inventory:

Hand Weapons
 a - a +0 short sword of chaos (weapon)
Armour
 b - a +2 leather armour
 d - a +0 ring mail (worn)
Wands
 k - a wand of charming (8)
Scrolls
 e - a scroll of blinking {unknown}
 f - a scroll of amnesia {unknown}
 g - a scroll of torment {unknown}
 h - a scroll of poison {unknown}
 j - a scroll of fear {unknown}
Potions
 i - a potion of mutation {unknown}
Miscellaneous
 c - a piece from Xom's chessboard (inert) (quivered)


   Skills:
 - Level 3.0 Fighting
 + Level 4.0 Short Blades
 - Level 1.7 Armour
 - Level 0.8 Dodging


You had 2 spell levels left.
You didn't know any spells.
Your spell library was empty.

Dungeon Overview and Level Annotations

Branches:
Dungeon (2/15)

Altars:


Innate Abilities, Weirdness & Mutations

You have sharp fingernails.
You have an unusually large brain. (Int +2)


Message History

There is an open door here.
Found a stone staircase leading down.
No target in view!
No target in view!
No target in view!
A frilled lizard comes into view.
No reachable target in view!
A frilled lizard is nearby!
No reachable target in view!
A frilled lizard is nearby!
No reachable target in view!
The teleport trap disappears.
The frilled lizard disappears!
There is a stone staircase leading down here.
No target in view!
No target in view!
No target in view!
No target in view!
A goblin comes into view. It is wielding a +0 club.
The goblin shouts!
A goblin is nearby!
A goblin is nearby! "Hum-dee-hum-dee-hum..."
The goblin changes into a shapeshifter!
The shapeshifter changes into a cane toad!
You hit the cane toad.
The cane toad is lightly wounded.
You closely miss the cane toad.
The cane toad is lightly wounded.
The cane toad stings you. The cane toad barely misses you.
You closely miss the cane toad.
The cane toad is lightly wounded.
The cane toad stings you!!
Ouch! That really hurt!
* * * LOW HITPOINT WARNING * * *
You are lethally poisoned!
The cane toad poisons you!
You hit the cane toad. You burn the cane toad.
The cane toad is moderately wounded.
You die...
Xom bursts into laughter!

..........>...............
##########..############..
###........ ......
#.......... .......
#.......### #######
#.......# + ####.......# #
#..........# #
#....@.....+ ..
+....F.....# ..
#..........# .
#..........# +.......####
#...##### '... ##...


You could see a cane toad shaped shifter.

Vanquished Creatures
  An adder (D:2)
  3 ball pythons
  2 bats (D:1)
  3 endoplasms (D:1)
  A goblin (D:1)
  3 hobgoblins (D:1)
  5 jackals
  A quokka (D:1)
  3 frilled lizards
  4 kobolds
26 creatures vanquished.

Notes
Turn   | Place    | Note
-------+----------+-------------------------------------------
     0 | D:1      | dolemite99 the Demonspawn Chaos Knight began the quest for
                  | the Orb.
     0 | D:1      | Reached XP level 1. HP: 18/18 MP: 1/1
   367 | D:1      | XOM: divination: detect creatures
   368 | D:1      | XOM: silly message
   370 | D:1      | Reached skill level 3 in Short Blades
   498 | D:1      | Gained mutation: You have an unusually large brain. (Int
                  | +2) [demonic ancestry]
   498 | D:1      | Reached XP level 2. HP: 13/24 MP: 2/2
   946 | D:1      | XOM: silly message
  1149 | D:1      | Found a faded altar of an unknown god.
  1586 | D:2      | Reached skill level 4 in Short Blades
  1586 | D:2      | Gained mutation: You have sharp fingernails. [demonic
                  | ancestry]
  1586 | D:2      | Reached XP level 3. HP: 22/29 MP: 3/3
  1859 | D:2      | Noticed a shapeshifter
  1859 | D:2      | a goblin changed into a shapeshifter
  1859 | D:2      | XOM: polymorph goblin -> shapeshifter
  1859 | D:2      | Noticed a cane toad
  1859 | D:2      | a shapeshifter changed into a cane toad
  1863 | D:2      | Succumbed to a cane toad's poison

Illustrated notes

Levels and vault maps discovered:
D:1:      psy_arrival_wood_between_worlds, layout_basic,
          hellmonk_ecumenical_altar_pennies_from_heaven
D:2:      layout_basic

Skill      XL: |  1  2 |
---------------+-------+-----
Short Blades   | 3 4 |  4.0
Fighting       | |  3.0
Armour         | |  1.7
Dodging        | |  0.8

Action                   || total
-------------------------++-------
Melee: Short sword       ||    91
Evoke: Piece from Xom's  ||    17
 Stab: Paralysed         ||     2
Armor: Leather armour    ||     7
       Ring mail         ||    39
Dodge: Dodged            ||    48

Table legend: (Time is in decaauts)
 A = Elapsed time spent in this place.
 B = Non-inter-level travel time spent in this place.
 C = Inter-level travel time spent in this place.
 D = Time resting spent in this place.
 E = Time spent auto-exploring this place.
 F = Levels seen in this place.
 G = Mean time per level.
                   A        B        C        D        E       F      G
               +--------+--------+--------+--------+--------+-----+--------+
         Total |   1858 |   1850 |      8 |    300 |   1235 |   2 |  929.0 |
       Dungeon |   1858 |   1850 |      8 |    300 |   1235 |   2 |  929.0 |
               +--------+--------+--------+--------+--------+-----+--------+

Top non-repeatable levels by time:
     D:1: 1527 daAuts
     D:2: 330 daAuts
